 Dungeon Crawl Stone Soup version 0.31.0-11-ge490571c62 (webtiles) character file.

Game seed: 15717491499083110313

185 Yore the Trooper (level 5, -1/34 HPs)
             Began as a Gargoyle Fighter on Jan 27, 2024.
             Incinerated by a bombardier beetle (6 damage)
             ... with a burning spray
             ... on level 3 of the Dungeon.
             The game lasted 00:04:38 (2977 turns).

Yore the Trooper (Gargoyle Fighter)                 Turns: 2977, Time: 00:04:39

Health: -1/34      AC: 11    Str: 19    XL:     5   Next: 64%
Magic:  5/5        EV:  9    Int:  9    God:
Gold:   220        SH:  4    Dex: 11    Spells: 4/4 levels left

rFire   . . .        a - +0 flail
rCold   . . .        c - +0 buckler
rNeg    + . .        b - +0 scale mail
rPois   ∞            (no helmet)
rElec   +            d - scarf {+Inv}
rCorr   .            (no gloves)
SInv    .            (no boots)
Will    .....        (no amulet) Stlth
                     (no ring)
HPRegen 0.25/turn    (no ring)
MPRegen 0.09/turn

%: no passive effects
@: on fire, glowing
A: sickness immunity, AC +4, negative energy resistance 1, electricity
resistance, torment resistance 1, petrification resistance
a: Evoke Invisibility


You were on level 3 of the Dungeon.
You visited 1 branch of the dungeon, and saw 3 of its levels.
You also visited: Sewer.

You collected 220 gold pieces.

Inventory:

Hand Weapons
 a - a +0 flail (weapon)
Armour
 b - a +0 scale mail (worn)
 c - a +0 buckler (worn)
 d - a scarf of invisibility (worn)
Jewellery
 e - a ring of ice
 l - a +5 ring of evasion
Scrolls
 f - 2 scrolls of noise
 g - a scroll of immolation {unknown}
 h - 6 scrolls of identify {unknown}
 i - 2 scrolls of fog {unknown}
 j - a scroll of teleportation {unknown}
 n - 2 scrolls of enchant weapon {unknown}
 q - a scroll of blinking {unknown}
 r - a scroll of revelation {unknown}
 s - a scroll of vulnerability {unknown}
Potions
 k - a potion of brilliance {unknown}
 o - a potion of mutation {unknown}
 p - 2 potions of enlightenment


   Skills:
 * Level 4.7 Fighting
 * Level 3.7 Maces & Flails
 + Level 4.0 Armour
 - Level 4.0 Shields


You had 4 spell levels left.
You didn't know any spells.
Your spell library contained the following spells:

 Spells                   Type           Power      Damage    Failure   Level
 Sting                    Conj/Alch      0%         1d3       83%         1
 Mercury Vapours          Alch/Air       0%         N/A       92%         2
 Olgreb's Toxic Radiance  Alch           0%         N/A       100%        4


Dungeon Overview and Level Annotations

Branches:
Dungeon (3/15)              Sewer (visited)

Altars:
Nemelex Xobeh
Uskayaw

Shops:
D:3 [


Innate Abilities, Weirdness & Mutations

You are immune to sickness and miasma.
Your stone body is resilient. (AC +4)
You are immune to poison.
You resist negative energy. (rN+)
You are resistant to electric shocks. (rElec)
You are resistant to unholy torment.
You are immune to petrification.


Message History

No target in view!
No target in view!
You see here a +0 dagger.
k - a bubbling emerald potion A bombardier beetle comes into view.
A bombardier beetle is nearby!
Found an escape hatch in the floor.
Found a stone staircase leading up.
The bombardier beetle sprays incendiary fluid at you.
The burning spray hits you.
You are covered in liquid fire!
You hit the bombardier beetle but do no damage.
The liquid fire burns you!
You block the bombardier beetle's attack.
You barely miss the bombardier beetle. The liquid fire burns you!
The bombardier beetle misses you.
You hit the bombardier beetle.
The bombardier beetle is moderately wounded.
The liquid fire burns you!
You hit the bombardier beetle.
The bombardier beetle is severely wounded.
The liquid fire burns you!
The bombardier beetle bites you but does no damage.
You hit the bombardier beetle.
The bombardier beetle is severely wounded.
The liquid fire burns you!
* * * LOW HITPOINT WARNING * * *
The bombardier beetle bites you but does no damage.
You are too injured to fight recklessly!
You are too injured to fight recklessly!
You hit the bombardier beetle but do no damage.
The bombardier beetle is severely wounded.
The liquid fire burns you!
* * * LOW HITPOINT WARNING * * *
The bombardier beetle bites you.
* * * LOW HITPOINT WARNING * * *
You sock the bombardier beetle!
You kill the bombardier beetle!
The liquid fire burns you!
You die...

## .. .# #### .# ...
.# #.####.#
#.@....#####
#>.#.......#
#..#.#####.#
#..#.#.. #.#
#..#.#.#.#.########
<..#.#.#.#.........
###.#.....#..##.'##'
###.###.###).#..#~~#
...........)...##~~#


There were no monsters in sight!

Vanquished Creatures
  A bombardier beetle (D:3)
  4 gnolls (D:3)
  4 adders
  4 river rats (Sewer)
  A ribbon worm (Sewer)
  A dart slug (Sewer)
  5 ball pythons
  17 bats
  An endoplasm (D:1)
  10 giant cockroaches
  3 goblins
  2 hobgoblins
  2 jackals (Sewer)
  3 quokkas
  5 frilled lizards
  7 kobolds
  4 rats
74 creatures vanquished.

Notes
Turn   | Place    | Note
-------+----------+-------------------------------------------
     0 | D:1      | Yore the Gargoyle Fighter began the quest for the Orb.
     0 | D:1      | Reached XP level 1. HP: 14/14 MP: 1/1
    11 | D:1      | Found a faded altar of an unknown god.
   292 | D:1      | Reached XP level 2. HP: 17/19 MP: 2/2
   852 | D:2      | Reached XP level 3. HP: 19/24 MP: 3/3
   953 | D:2      | Found a hide-covered altar of Uskayaw.
  1609 | D:3      | Reached XP level 4. HP: 25/29 MP: 4/4
  1696 | D:3      | Found Gesiyv's Antique Armour Boutique.
  1878 | D:3      | Found a sparkling altar of Nemelex Xobeh.
  2103 | D:3      | Found a glowing drain.
  2108 | Sewer    | Entered a sewer
  2183 | Sewer    | Reached XP level 5. HP: 34/34 MP: 5/5
  2977 | D:3      | Incinerated by a bombardier beetle

Illustrated notes

Levels and vault maps discovered:
D:1:      grunt_arrival_lava_bath, layout_loops_ring, basic_ecumenical_altar,
          amethyst_killhole, st_stairs_8
D:2:      layout_basic, serial_forest, infiniplex_forest_straight_2,
          infiniplex_forest_clump_large, infiniplex_forest_clump_medium,
          infiniplex_forest_zigzag_2, infiniplex_forest_lined_3,
          infiniplex_forest_end_3, infiniplex_forest_lined_corner,
          infiniplex_forest_lined_3, infiniplex_forest_clump_tiny, basic_altar,
          st_stairs_4
D:3:      layout_basic, mainiacjoe_overflow_swirl,
          mainiacjoe_overflow_surrounded_room, serial_shops, shop,
          gup_sewer_entry_bowl

Skill      XL: |  1  2  3  4  5 |
---------------+----------------+-----
Fighting       | 4 |  4.7
Maces & Flails | 3 |  3.7
Shields        | 4 |  4.0
Armour         | 4 |  4.0

Action                     |  1- 3 |  4- 6 || total
---------------------------+-------+-------++-------
  Melee: Flail             |   124 |   193 ||   317
    Use: Potion            |     2 |     2 ||     4
 Armour: Scale mail        |   109 |   155 ||   264
  Dodge: Dodged            |    71 |   123 ||   194
  Block: Buckler           |    28 |    58 ||    86
